 Dungeon Crawl Stone Soup version 0.28-a0-8-g6e044cfa68 (webtiles) character file.

Game seed: 8138201683421793518

289 DocSulfur the Magician (level 6, 0/46 HPs)
             Began as a Djinni Hedge Wizard on July 24, 2021.
             Slain by an orc (6 damage)
             ... on level 5 of the Dungeon.
             The game lasted 00:19:40 (5007 turns).

DocSulfur the Magician (Djinni Hedge Wizard)        Turns: 5007, Time: 00:19:40

Health: 0/46       AC:  2    Str:  9    XL:     6   Next: 57%
Gold:   182        EV: 12    Int: 18    God:
                   SH:  0    Dex: 12

rFire   + + .      SeeInvis .   a - +0 dagger
rCold   x . .      Faith    .   (no shield)
rNeg    . . .      Spirit   .   b - +0 robe
rPois   ∞          Reflect  .   c - +0 hat
rElec   .          Harm     .   (no cloak)
rCorr   .          Rampage  .   (no gloves)
Will    .....                   (boots unavailable)
Stlth   ++........              x - amulet of regeneration
HPRegen 1.15/turn               (no ring)
MPRegen 0.00/turn               (no ring)

@: marked, flying
A: sickness immunity, fire resistance 2, cold vulnerability 1, float, innate
caster, hp casting, extra vitality 1
a: no special abilities


You were on level 5 of the Dungeon.
You visited 2 branches of the dungeon, and saw 6 of its levels.

You collected 182 gold pieces.

Inventory:

Hand Weapons
 a - a +0 dagger (weapon)
Missiles
 d - 36 sling bullets
Armour
 b - a +0 robe (worn)
 c - a +0 hat (worn)
 k - a scarf of invisibility
Magical Staves
 r - a staff of fire
Jewellery
 t - an amulet of faith
 x - an amulet of regeneration (around neck)
Wands
 q - a wand of polymorph (3)
Scrolls
 g - 4 scrolls of identify {unknown}
 h - a scroll of amnesia {unknown}
 i - a scroll of enchant armour {unknown}
 j - a scroll of fear {unknown}
 l - a scroll of enchant weapon {unknown}
 n - a scroll of fog {unknown}
 o - a scroll of immolation {unknown}
 s - a scroll of teleportation {unknown}
 u - a scroll of noise {unknown}
 w - a scroll of silence {unknown}
Potions
 e - 3 potions of curing {unknown}
 f - a potion of resistance {unknown}
 m - a potion of flight {unknown}
 p - a potion of mutation {unknown}
 v - a potion of haste {unknown}


   Skills:
 + Level 3.1 Fighting
 - Level 2.1 Dodging
 + Level 1.9 Stealth
 * Level 4.4 Spellcasting
 - Level 0.5 Invocations


You couldn't memorise any spells.
You knew the following spells:

 Your Spells              Type           Power      Damage    Failure   Level
a - Magic Dart            Conj           80%        1d7       2%          1
b - Blink                 Tloc           N/A        N/A       3%          2
c - Call Imp              Summ           20%        N/A       3%          2
d - Slow                  Hex            20%        N/A       3%          2
e - Conjure Flame         Conj/Fire      20%        6-21      7%          3
f - Mephitic Cloud        Conj/Pois/Air  20%        N/A       7%          3
g - Corona                Hex            22%        N/A       2%          1
h - Searing Ray           Conj           40%        3d4       3%          2
Your spell library was empty.

Dungeon Overview and Level Annotations

Branches:
Dungeon (5/15)             Temple (1/1) D:4

Altars:
Ashenzari
Cheibriados
Dithmenos
Elyvilon
Fedhas
Hepliaklqana
Kikubaaqudgha
Nemelex Xobeh
Okawaru
Sif Muna
Uskayaw
Vehumet
Xom
Zin


Innate Abilities, Weirdness & Mutations

You are immune to sickness and miasma.
You are immune to poison.
Your flesh is very heat resistant. (rF++)
You are vulnerable to cold. (rC-)
You float through the air rather than walking.
You learn spells naturally, not from books.
Your magical power is your life essence.
You have superior vitality. (+4 HP)


Message History

You set off the alarm!
A sentinel's mark forms upon you.
You hear a shout!
You hear an angry hiss.
You hear a shout! x2
You hear an angry hiss.
You hear a shout! x4; You hear an angry hiss.
An iguana, an orc and an orc wizard come into view.
Found 5 gold pieces.
An adder comes into view.
The adder bites you.
You hear the slow rusting of a drain very nearby.
A centaur comes into view.
An orc comes into view. It is wielding a +0 dagger.
The centaur barely misses you. The centaur kicks you.
You hit the centaur but do no damage. The adder bites you.
The centaur closely misses you. The centaur kicks you.
An iguana comes into view.
The adder bites you.
Casting: Searing Ray (safe; 3% risk of failure)
Confirm with . or Enter, or press ? or * to list all spells.
You blink.
An orc comes into view. It is wielding a +0 hand axe.
The centaur wields a +1 shortbow of freezing.
It is covered in frost.
The centaur shoots an arrow.
The arrow hits you! The arrow freezes you. The adder barely misses you.
Casting: Blink (safe; 3% risk of failure)
Confirm with . or Enter, or press ? or * to list all spells.
You blink.
An orc comes into view. It is wielding a +0 club.
An orc comes into view. It is wielding a +0 hand axe.
The iguana barely misses you.
Unknown command.
Casting: Blink (safe; 3% risk of failure)
Confirm with . or Enter, or press ? or * to list all spells.
You blink.
The orc barely misses you. The adder completely misses you.
The orc closely misses you.
The centaur shoots an arrow.
The arrow hits you!
* * * LOW HITPOINT WARNING * * *
The arrow freezes you.
* * * LOW HITPOINT WARNING * * *
The orc hits you with a +0 hand axe.
You die...

.## ....o.. ... . ..lo...
##.#.. ...$... #..#. ...o...
##... ....... .. ######...#
.......
.............########o......
...........................
#.#####oo@.####..l.......#
#.......S######.###...:..#
#.......col..#..# ......#
#..........o.o..# ...#..#
#.....####.l......#......#
#.....# ###.............#
###..#..# ###.####......
####....#.## ..# ..
#........## ### .


You could see a centaur, an adder and 2 orcs.

Vanquished Creatures
  An iguana (D:5)
  A bullfrog skeleton (D:4)
  Jessica (D:2)
  Natasha (thrice) (D:2)
  A howler monkey skeleton (D:5)
  An adder (D:3)
  A worm (D:3)
  5 endoplasms
  2 giant cockroaches
  7 goblins
  8 hobgoblins
  2 jackals (D:4)
  5 kobolds
  3 quokkas
  3 ball pythons
  8 bats
  A frilled lizard (D:2)
  A rat (D:1)
54 creatures vanquished.

Vanquished Creatures (collateral kills)
  A black bear (D:2)
1 creature vanquished.

Vanquished Creatures (others)
  A bat (D:1)
  A plant (D:2)
2 creatures vanquished.

Grand Total: 57 creatures vanquished

Notes
Turn   | Place    | Note
-------+----------+-------------------------------------------
     0 | D:1      | DocSulfur the Djinni Hedge Wizard began the quest for the
                  | Orb.
     0 | D:1      | Reached XP level 1. HP: 15/15 MP: 0/0
   758 | D:1      | Reached XP level 2. HP: 16/22 MP: 0/0
  1619 | D:2      | Noticed Natasha
  1624 | D:2      | Killed Natasha
  1625 | D:2      | Reached skill level 1 in Fighting
  1625 | D:2      | Reached skill level 3 in Spellcasting
  1625 | D:2      | Reached XP level 3. HP: 10/27 MP: 0/0
  1625 | D:2      | Learned a level 1 spell: Corona
  2147 | D:1      | Reached XP level 4. HP: 24/32 MP: 0/0
  2381 | D:1      | Found a faded altar of an unknown god.
  2728 | D:2      | Noticed Jessica
  2733 | D:2      | Killed Jessica
  2781 | D:2      | Noticed Natasha
  2820 | D:2      | Killed Natasha
  2821 | D:2      | Reached XP level 5. HP: 33/38 MP: 0/0
  2821 | D:2      | Learned a level 2 spell: Searing Ray
  2835 | D:2      | Noticed Natasha
  2842 | D:2      | Killed Natasha
  3246 | D:3      | Noticed a black bear
  3620 | D:2      | Killed a black bear
  3621 | D:2      | Reached skill level 4 in Spellcasting
  3621 | D:2      | Reached XP level 6. HP: 23/45 MP: 0/0
  4588 | D:4      | Found a staircase to the Ecumenical Temple.
  4605 | Temple   | Entered the Ecumenical Temple
  4951 | D:5      | Entered Level 5 of the Dungeon
  5007 | D:5      | Slain by an orc

Illustrated notes

Levels and vault maps discovered:
D:1:      shiori_arrival_oz, layout_rooms, ebering_ecumenical_altar_box,
          chequers_serial_rivers_room_a
D:2:      layout_loops_ring, serial_forest, infiniplex_forest_lined_room_3,
          infiniplex_forest_end_3, infiniplex_forest_zigzag_2,
          infiniplex_forest_clump_tiny, infiniplex_forest_clump_medium,
          infiniplex_forest_lined_corner, infiniplex_forest_clump_tiny,
          uniq_natasha, uniq_jessica
D:3:      layout_basic, nicolae_overflow_crystal_walls
D:4:      layout_loops_cross, temple_green, feat_on_display
D:5:      layout_rooms, tso_altar, gup_sewer_entry_bubbles
Temple:   oiseaux_autumnal_temple

Skill      XL: |  1  2  3  4  5  6 |
---------------+-------------------+-----
Fighting       | 1 2 3 |  3.1
Spellcasting   | 3 4 |  4.4
Dodging        | |  2.1
Stealth        | |  1.9
Invocations    | |  0.5

Action                   |  1- 3 |  4- 6 || total
-------------------------+-------+-------++-------
Melee: Dagger            |     1 |    32 ||    33
 Cast: Magic Dart        |    54 |    74 ||   128
       Blink             |     2 |     5 ||     7
       Slow              |     1 |     5 ||     6
       Mephitic Cloud    |       |     6 ||     6
       Call Imp          |       |     2 ||     2
       Searing Ray       |       |     5 ||     5
       Conjure Flame     |       |     1 ||     1
 Stab: Sleeping          |     1 |       ||     1
       Confused          |       |     8 ||     8
Armor: Robe              |    13 |     5 ||    18
Dodge: Dodged            |    19 |    36 ||    55

Table legend: (Time is in decaauts)
 A = Elapsed time spent in this place.
 B = Non-inter-level travel time spent in this place.
 C = Inter-level travel time spent in this place.
 D = Time resting spent in this place.
 E = Time spent auto-exploring this place.
 F = Levels seen in this place.
 G = Mean time per level.
                   A        B        C        D        E       F      G
               +--------+--------+--------+--------+--------+-----+--------+
         Total |   5011 |   4885 |    126 |   1362 |   1738 |   6 |  835.2 |
       Dungeon |   4750 |   4653 |     97 |   1362 |   1544 |   5 |  950.0 |
        Temple |    260 |    231 |     29 |      0 |    194 |   1 |  260.0 |
               +--------+--------+--------+--------+--------+-----+--------+

Top non-repeatable levels by time:
     D:1: 2099 daAuts
     D:2: 1548 daAuts
     D:3: 940 daAuts
  Temple: 260 daAuts
     D:4: 107 daAuts
     D:5: 55 daAuts
